 Dungeon Crawl Stone Soup version 0.32-a0-391-gce5c0aab1b (webtiles) character file.

Game seed: 4687871806633073471

135 adelrune the Vexing (level 5, 0/38 HPs)
             Began as a Coglin Hexslinger on Feb 19, 2024.
             Slain by a gnoll
             ... wielding a +0 spear
              (8 damage)
             ... on level 3 of the Dungeon.
             The game lasted 00:05:39 (1910 turns).

adelrune the Vexing (Coglin Hexslinger)             Turns: 1910, Time: 00:05:40

Health: 0/38       AC:  3    Str:  8    XL:     5   Next: 18%
Magic:  5/6        EV: 18    Int: 13    God:
Gold:   203        SH:  0    Dex: 23    Spells: 4/6 levels left

rFire   . . .        a - +1 sling {Arashi}
rCold   . . .        (no shield)
rNeg    . . .        c - +0 robe
rPois   .            o - +0 helmet
rElec   .            n - scarf of Existentialism {shadows, Rampage Dex+5}
rCorr   .            (no gloves)
SInv    .            (no boots)
Will    .....        (no amulet)
Stlth   ++           k - +5 ring of evasion
HPRegen 0.26/turn    (no ring)
MPRegen 0.10/turn

%: rampage
@: weak-willed, revved, stiff-legged, very slow
A: off-hand wielding, slow wielding, warmup strikes, warmup strides
a: no special abilities


You were on level 3 of the Dungeon.
You visited 1 branch of the dungeon, and saw 3 of its levels.

You collected 203 gold pieces.

Inventory:

Hand Weapons
 a - a +1 sling (weapon) {Arashi}
Missiles
 d - 2 throwing nets
Armour
 c - a +0 robe (worn)
 n - the scarf of Existentialism (worn) {shadows, Rampage Dex+5}
   (You found it on level 2 of the Dungeon)

   Dex+5:     It affects your dexterity (+5).
   Rampage:   It bestows one free step when moving towards enemies.
 o - a +0 helmet (worn)
Jewellery
 k - a +5 ring of evasion (left grasper)
Scrolls
 b - 2 scrolls of poison
 f - 2 scrolls of immolation {unknown}
 g - 6 scrolls of identify {unknown}
 i - 3 scrolls of revelation {unknown}
 l - 3 scrolls of torment {unknown}
 m - a scroll of noise {unknown}
 t - a scroll of teleportation {unknown}
Potions
 e - a potion of resistance {unknown}
 h - a potion of brilliance {unknown}
 j - a potion of invisibility {unknown}
 p - a potion of lignification {unknown}
 q - a potion of ambrosia {unknown}
 r - 2 potions of attraction {unknown}
 s - 2 potions of enlightenment {unknown}


   Skills:
 + Level 2.2 Fighting
 * Level 3.2 Ranged Weapons
 + Level 2.6 Dodging
 - Level 1.0 Spellcasting
 + Level 3.3 Hexes
 - Level 0.8 Fire Magic


You had 4 spell levels left.
You knew the following spells:

 Your Spells              Type           Power      Damage    Failure   Level
a - Jinxbite              Hex            18%        N/A       11%         2

Your spell library contained the following spells:

 Spells                   Type           Power      Damage    Failure   Level
 Sigil of Binding         Hex            9%         N/A       22%         3
 Inner Flame              Hex/Fire       6%         N/A       34%         3
 Cause Fear               Hex            4%         N/A       58%         4
 Dimensional Bullseye     Hex/Tloc       2%         N/A       82%         4


Dungeon Overview and Level Annotations

Branches:
Dungeon (3/15)

Altars:


Innate Abilities, Weirdness & Mutations

You can wield a second weapon in your off-hand.
It takes a long time for you to wield or remove held weapons.
Your first few attacks do less damage.
Your first movements take longer.


Message History

The gnoll barely misses you. x2
You shoot a sling bullet.
The sling bullet barely misses the gnoll.
The gnoll hits you from afar with a +0 spear!
The gnoll hits you with a +0 flail.
You are too injured to fight recklessly!
You are too injured to fight recklessly!
You are too injured to fight recklessly!
You are too injured to fight recklessly!
You are too injured to fight recklessly!
You shoot a sling bullet. The sling bullet hits the gnoll.
You kill the gnoll!
The gnoll closely misses you. The gnoll misses you.
You rampage towards the gnoll!
A giant cockroach comes into view.
You shoot a sling bullet.
The sling bullet hits the gnoll but does no damage.
The gnoll misses you.
You shoot a sling bullet.
The sling bullet closely misses the gnoll.
The sling bullet misses the adder.
The gnoll barely misses you.
You shoot a sling bullet.
The sling bullet closely misses the gnoll.
The sling bullet barely misses the adder.
The gnoll closely misses you.
You shoot a sling bullet.
The sling bullet barely misses the gnoll.
The sling bullet hits the adder.
The adder is lightly wounded.
The gnoll hits you with a +0 spear. x2
You shoot a sling bullet.
The sling bullet barely misses the gnoll.
The sling bullet hits the adder.
The adder is moderately wounded.
The gnoll hits you with a +0 spear.
* * * LOW HITPOINT WARNING * * *
You shoot a sling bullet. The sling bullet hits the gnoll.
The gnoll is heavily wounded.
The gnoll hits you with a +0 spear!
You die...

#.### #..).
......... #....
........ . ..###
...†.. ##....###
#.... ###.#..##....
BS.#..........####
#g##....>.....###.
##@##..............
#..).........).....
#...............###
#...............#
#...............###
#..................
#....#..........###
#######........##
##........##


You could see a gnoll, an adder and a giant cockroach.

Vanquished Creatures
  2 gnolls (D:3)
  3 adders
  2 dart slugs
  A ribbon worm (D:2)
  5 bats
  3 endoplasms
  A giant cockroach (D:1)
  7 goblins
  3 hobgoblins
  3 quokkas
  4 ball pythons
  4 frilled lizards
  8 kobolds
  4 rats
50 creatures vanquished.

Notes
Turn   | Place    | Note
-------+----------+-------------------------------------------
     0 | D:1      | adelrune the Coglin Hexslinger began the quest for the Orb.
     0 | D:1      | Reached XP level 1. HP: 15/15 MP: 2/2
   107 | D:1      | Reached XP level 2. HP: 21/21 MP: 3/3
   244 | D:1      | Reached XP level 3. HP: 16/26 MP: 4/4
   286 | D:1      | Learned a level 2 spell: Jinxbite
  1005 | D:2      | Identified the scarf of Existentialism {shadows, Rampage
                  | Dex+5}
  1060 | D:2      | Reached XP level 4. HP: 33/33 MP: 5/5
  1176 | D:2      | Found a faded altar of an unknown god.
  1308 | D:2      | You fall into a shaft and drop 1 floor!
  1895 | D:3      | Reached XP level 5. HP: 34/38 MP: 3/6
  1910 | D:3      | Slain by a gnoll

Illustrated notes

Levels and vault maps discovered:
D:1:      dpeg_arrival_windows_large_door, layout_rooms, serial_corexii_hall,
          corexii_hall_statues_x, corexii_hall_statues_l
D:2:      minmay_door_path, layout_loops_ring, chequers_ecumenical_altar_twisty
D:3:      layout_rooms, grunt_ministairs_6

Skill      XL: |  1  2  3  4 |
---------------+-------------+-----
Ranged Weapons | 2 3 |  3.2
Dodging        | 2 |  2.6
Hexes          | 3 |  3.3
Fighting       | 2 |  2.2
Spellcasting   | |  1.0
Fire Magic     | |  0.8

Action                     |  1- 3 |  4- 6 || total
---------------------------+-------+-------++-------
   Fire: Sling             |    94 |    61 ||   155
   Cast: Jinxbite          |     2 |     6 ||     8
 Armour: Robe              |    25 |    14 ||    39
  Dodge: Dodged            |    24 |    29 ||    53

Table legend: (Time is in decaauts)
 A = Elapsed time spent in this place.
 B = Non-inter-level travel time spent in this place.
 C = Inter-level travel time spent in this place.
 D = Time resting spent in this place.
 E = Time spent auto-exploring this place.
 F = Levels seen in this place.
 G = Mean time per level.
                   A        B        C        D        E       F      G
               +--------+--------+--------+--------+--------+-----+--------+
         Total |   2034 |   1959 |     75 |    184 |   1425 |   3 |  678.0 |
       Dungeon |   2034 |   1959 |     75 |    184 |   1425 |   3 |  678.0 |
               +--------+--------+--------+--------+--------+-----+--------+

Top non-repeatable levels by time:
     D:2: 1068 daAuts
     D:1: 604 daAuts
     D:3: 362 daAuts
